AoeStats
← 學友哥哥

Arabia

510111314Analyzed
1v1 RM · 2d ago on Sep 29, 2026· 35m 33s· 2 players
Game mode
Random Map
Map size
Tiny (2 player)
Population
200
Speed
Normal
Resources
Standard
Victory
Conquest
Starting age
Dark Age
Ending age
Imperial Age
RankedLock teamsTeams togetherTeam positionsShared explorationLock speedFull tech treeHidden civsTurbo modeCheats
Victory
Defeat
🇧🇷 Franks · Brazil
1089
+16
🇹🇼 Ethiopians · Taiwan
1099
-16
feue832223
6:31 Loom
9:10 Feudal Age
9:56 Double-Bit Axe
15:27 Fletching
16:15 Wheelbarrow
16:20 Wheelbarrow
18:06 Padded Archer Armor
21:22 Castle Age
21:39 Scale Barding Armor
21:22 Town Watch
21:28 Elite Skirmisher
22:05 Bodkin Arrow
22:26 Leather Archer Armor
23:59 Forging
25:26 Ballistics
25:27 Bow Saw
26:41 Chain Barding Armor
31:48 Iron Casting
32:41 Husbandry
32:39 Stone Mining
32:53 Gold Mining
36:23 Hand Cart
學友哥哥
1:58 Loom
11:22 Feudal Age
17:02 Castle Age
15:18 Double-Bit Axe
15:39 Fletching
17:32 Gold Mining
17:39 Bodkin Arrow
18:23 Crossbowman
20:27 Padded Archer Armor
21:14 Horse Collar
22:51 Wheelbarrow
26:14 Thumb Ring
29:31 Hand Cart
30:40 Gold Shaft Mining
32:33 Leather Archer Armor
32:34 Heavy Plow
35:04 Bow Saw
Connection lost

Rejoining the realm…

Still unreachable

The connection could not be restored.

Session expired

The server has moved on; the page needs a fresh start.